 Dungeon Crawl Stone Soup version 0.23-a0-171-g5ae17c6e89 (webtiles) character file.

616 syranez the Magician (level 7, -3/37 HPs)
             Began as a Deep Elf Earth Elementalist on Sept 14, 2018.
             Slain by a centaur (6 damage)
             ... on level 5 of the Dungeon.
             The game lasted 00:10:45 (5366 turns).

syranez the Magician (Deep Elf Earth Elementalist)  Turns: 5366, Time: 00:10:46

Health: -3/37      AC:  4    Str: 11    XL:     7   Next: 21%
Magic:  17/17      EV: 14    Int: 22    God:
Gold:   126        SH:  0    Dex: 15    Spells: 9/17 levels left

rFire    . . .     SeeInvis .   q - +12 glaive of Prune {chop}
rCold    . . .     Gourm    .   (shield currently unavailable)
rNeg     . . .     Faith    .   c - +0 robe
rPois    .         Spirit   .   t - +0 helmet
rElec    .         Reflect  .   (no cloak)
rCorr    .         Harm     .   i - +0 pair of gloves
MR       .....                  (no boots)
Stlth    +++.......             u - amulet of regeneration
HPRegen  0.52/turn              x - +6 ring of strength
MPRegen  0.15/turn              (no ring)

@: no status effects
A: no striking features
a: no special abilities


You were on level 5 of the Dungeon.
You were not hungry.

You visited 1 branch of the dungeon, and saw 5 of its levels.

You collected 126 gold pieces.

Inventory:

Hand Weapons
 e - a +0 spear
 q - the +12 glaive of Prune (weapon) {chop}
   (You found it on level 4 of the Dungeon)

   It inflicts extra damage upon your enemies.
 r - a +1 dagger of venom
 s - a +3 dagger
 A - a +1 mace of holy wrath
 B - a +3 antimagic mace
Missiles
 b - 83 stones (quivered)
 j - 82 sling bullets
 p - 8 arrows
 y - 7 needles of confusion
Armour
 c - a +0 robe (worn)
 i - a +0 pair of gloves (worn)
 t - a +0 helmet (worn)
Jewellery
 u - an amulet of regeneration (around neck)
 x - a +6 ring of strength (left hand)
Scrolls
 g - a scroll of immolation {unknown}
 m - a scroll of enchant weapon {unknown}
 o - a scroll of fog {unknown}
 v - a scroll of random uselessness {unknown}
Potions
 a - a potion of haste {unknown}
 f - a potion of curing
 h - a potion of mutation {unknown}
 k - 3 potions of brilliance {unknown}
 l - a potion of heal wounds {unknown}
 n - a potion of might {unknown}
 w - a potion of flight {unknown}
 z - a potion of lignification {unknown}
Comestibles
 d - 7 rations
 C - 4 chunks of flesh


   Skills:
 + Level 0.9 Fighting
 + Level 1.1 Short Blades
 + Level 0.4 Polearms
 + Level 3.4 Dodging
 + Level 4.0 Stealth
 + Level 5.7 Spellcasting
 * Level 4.1 Conjurations
 + Level 1.1 Transmutations
 + Level 5.2 Earth Magic


You had 9 spell levels left.
You knew the following spells:

 Your Spells              Type           Power        Failure   Level  Hunger
a - Sandblast             Erth           ####..       1%          1    None
b - Stone Arrow           Conj/Erth      ####..       4%          3    ##.....
c - Petrify               Tmut/Erth      ###.....     26%         4    ####...

Your spell library contained the following spells:

 Spells                   Type           Power        Failure   Level  Hunger
 Passwall                 Tmut/Erth      ###.....     3%          2    None
 Lee's Rapid Deconstruct  Erth           ####......   30%         5    #####..


Dungeon Overview and Level Annotations

Branches:
Dungeon (5/15)
 Temple: D:4-7

Altars:
Dithmenos
Makhleb
Yredelemnul
The Shining One

Shops:
D:4 *(=

Annotations:
D:4 4 runed doors, Holzbalken's ghost, amateur DsGl


Message History

The centaur barely misses you.
You are too injured to fight recklessly!
You slash the centaur!
The centaur is severely wounded.
The centaur barely misses you.
The orc hits you with a mace of holy wrath!
* * * LOW HITPOINT WARNING * * *
The centaur closely misses you. The orc hits you but does no damage.
You feel better. The centaur hits you!
* * * LOW HITPOINT WARNING * * *
The centaur hits you!
* * * LOW HITPOINT WARNING * * *
You feel better. The orc closely misses you. The centaur hits you.
* * * LOW HITPOINT WARNING * * *
You slash the orc!
You kill the orc!
The centaur hits you.
* * * LOW HITPOINT WARNING * * *
The centaur hits you.
You die...

.#.#. ... .......# #.#
.......# #.# .......#
#.# #.#....#.#.# #
####.#....#.#.###.##
#..†......#.#.#....##
#.#>......)co.....
#........#@#
#########..#.###.#
........<........#
.#...............#.#..
...#####.....#........#
.# #######.#.#.##.#
........ ..........#
.#...♣...#.#


You could see a centaur and an orc priest.

Vanquished Creatures
  A hippogriff (D:4)
  A phantom (D:4)
  A hound (D:2)
  A bullfrog skeleton (D:4)
  An orc wizard (D:5)
  An iguana (D:5)
  3 worker ants
  2 howler monkey skeletons (D:4)
  6 adders
  4 worms
  2 dart slugs
  5 leopard geckos
  3 orcs
  8 bats
  5 giant cockroaches
  7 goblins
  11 hobgoblins
  9 jackals
  3 quokkas (D:3)
  2 ball pythons
  3 frilled lizards
  7 kobolds
  5 rats
91 creatures vanquished.

Notes
Turn   | Place    | Note
-------+----------+-------------------------------------------
     0 | D:1      | syranez the Deep Elf Earth Elementalist began the quest for
                  | the Orb.
     0 | D:1      | Reached XP level 1. HP: 10/10 MP: 6/6
   623 | D:1      | Reached XP level 2. HP: 14/15 MP: 5/8
  1190 | D:2      | Reached skill level 4 in Earth Magic
  1307 | D:2      | Reached XP level 3. HP: 19/19 MP: 6/10
  1341 | D:2      | Learned a level 3 spell: Stone Arrow
  1523 | D:2      | Reached skill level 4 in Spellcasting
  2270 | D:2      | Found a burning altar of Makhleb.
  2274 | D:2      | Reached skill level 1 in Conjurations
  2274 | D:2      | Reached XP level 4. HP: 17/24 MP: 0/12
  2896 | D:3      | Learned a level 4 spell: Petrify
  3371 | D:3      | Reached XP level 5. HP: 28/28 MP: 3/13
  3472 | D:3      | Found a glowing golden altar of the Shining One.
  3777 | D:3      | Reached skill level 3 in Stealth
  4117 | D:4      | Reached skill level 2 in Conjurations
  4144 | D:4      | Found Sidwoduf's Antique Weapon Boutique.
  4146 | D:4      | Found a runed gate.
  4146 | D:4      | Found a runed gate.
  4146 | D:4      | Found a runed gate.
  4147 | D:4      | Noticed Holzbalken's ghost (amateur DsGl)
  4195 | D:4      | Noticed a hippogriff
  4201 | D:4      | Killed a hippogriff
  4201 | D:4      | Reached skill level 3 in Dodging
  4201 | D:4      | Reached skill level 5 in Spellcasting
  4201 | D:4      | Reached skill level 3 in Conjurations
  4201 | D:4      | Reached skill level 5 in Earth Magic
  4201 | D:4      | Reached XP level 6. HP: 33/33 MP: 4/15
  4290 | D:4      | Found a runed door.
  4451 | D:4      | Found Jaedub's Assorted Antiques.
  4548 | D:4      | Found a basalt altar of Yredelemnul.
  4703 | D:4      | Found Qeusor's Jewellery Boutique.
  4733 | D:4      | Found a shadowy altar of Dithmenos.
  4755 | D:4      | Reached skill level 1 in Short Blades
  4970 | D:4      | Reached XP level 7. HP: 25/37 MP: 7/17
  5191 | D:4      | Found the +12 glaive of Prune {chop}
  5306 | D:5      | Entered Level 5 of the Dungeon
  5310 | D:5      | Reached skill level 4 in Conjurations
  5360 | D:5      | Reached skill level 4 in Stealth
  5366 | D:5      | Slain by a centaur

Vault maps used:
D:1:      sevenhm_arrival_forest_fort_small_3
D:2:      makhleb_blood_cavern_becter, minmay_misc_feat_room,
          minmay_strange_pillars, minmay_ruptured
D:3:      tso_oasis_becter, minmay_unequal
D:4:      lemuel_doored_altar, gammafunk_ghost_split, first_ration,
          serial_shops, nicolae_shop_behind_doors, shop, shop,
          grunt_dithmenos_shadows, uniq_crazy_yiuf_cottage
D:5:      lemuel_crystal_altar, okawaru_trees_2, nicolae_ossuary_entry_monument

Skill      XL: |  1  2  3  4  5  6  7 |
---------------+----------------------+-----
Earth Magic    | 4 5 |  5.2
Spellcasting   | 4 5 |  5.7
Conjurations   | 1 3 4 |  4.1
Stealth        | 3 4 |  4.0
Dodging        | 3 |  3.4
Short Blades   | 1 |  1.1
Fighting       | |  0.9
Polearms       | |  0.4
Transmutations | |  1.1

Action                   |  1- 3 |  4- 6 |  7- 9 || total
-------------------------+-------+-------+-------++-------
Melee: Short sword       |    18 |       |       ||    18
       Spear             |    22 |       |       ||    22
       Dagger            |       |    33 |       ||    33
       Mace              |       |     2 |       ||     2
       Glaive            |       |       |    19 ||    19
Throw: Stone             |     2 |       |       ||     2
 Cast: Sandblast         |    45 |     4 |       ||    49
       Stone Arrow       |    12 |    63 |     1 ||    76
  Use: Scroll            |     2 |       |       ||     2
       Potion            |       |     1 |     2 ||     3
 Stab: Sleeping          |     4 |     3 |     1 ||     8
  Eat: Chunk             |     4 |    13 |     1 ||    18
Armor: Robe              |    20 |    16 |     4 ||    40
Dodge: Dodged            |    56 |    53 |    21 ||   130

Table legend:
 A = Non-vault XP
 B = Vault XP
 C = Vault XP percentage of total XP
 D = Non-vault monster count
 E = Vault monster count
 F = Vault count percentage of total count
                 A         B        C        D         E       F
            +---------+---------+-------+---------+---------+-------
      Total |     703 |     177 |  20.1 |      83 |       8 |   8.8
            +---------+---------+-------+---------+---------+-------
        D:1 |      30 |       0 |   0.0 |      16 |       0 |   0.0
        D:2 |      65 |      45 |  40.9 |      21 |       3 |  12.5
        D:3 |      96 |       7 |   6.8 |      26 |       4 |  13.3
        D:4 |     399 |     125 |  23.9 |      14 |       1 |   6.7
        D:5 |     113 |       0 |   0.0 |       6 |       0 |   0.0
            +---------+---------+-------+---------+---------+-------
